 Dungeon Crawl Stone Soup version 0.28-a0-114-g2bf3c13a2f (webtiles) character file.

Game seed: 9195588656619367151

143 strifetoe the Chopper (level 5, -4/43 HPs)
             Began as a Palentonga Fighter on Aug 12, 2021.
             Slain by Sigmund (10 damage)
             ... on level 2 of the Dungeon.
             The game lasted 00:01:51 (2115 turns).

strifetoe the Chopper (Palentonga Fighter)          Turns: 2115, Time: 00:01:52

Health: -4/43      AC:  9    Str: 20    XL:     5   Next: 4%
Magic:  5/5        EV:  1    Int: 11    God:
Gold:   42         SH:  0    Dex:  9    Spells: 4/4 levels left

rFire   . . .      SeeInvis +   a - +0 war axe
rCold   . . .      Faith    .   c - +0 kite shield
rNeg    . . .      Spirit   .   j - +0 plate armour
rPois   .          Reflect  .   (no helmet)
rElec   .          Harm     .   (no cloak)
rCorr   .          Rampage  .   (no gloves)
Will    .....                   (no barding)
Stlth   ..........              (no amulet)
HPRegen 0.14/turn               (no ring)
MPRegen 0.09/turn               (no ring)

@: confused, mighty
A: large, rugged brown scales 3, see invisible, deformed body, roll 1, armoured
tail, clever 1
a: Rolling Charge


You were on level 2 of the Dungeon.
You visited 1 branch of the dungeon, and saw 2 of its levels.

You collected 42 gold pieces.

Inventory:

Hand Weapons
 a - a +0 war axe (weapon)
Armour
 b - a +0 scale mail
 c - a +0 kite shield (worn)
 j - a +0 plate armour (worn)
Scrolls
 f - a scroll of magic mapping {unknown}
 g - a scroll of acquirement {unknown}
 i - a scroll of enchant weapon {unknown}
Potions
 e - 2 potions of lignification {unknown}
 h - 2 potions of haste


   Skills:
 - Level 3.0 Fighting
 + Level 5.3 Axes
 - Level 2.4 Armour
 - Level 2.4 Shields


You had 4 spell levels left.
You didn't know any spells.
Your spell library was empty.

Dungeon Overview and Level Annotations

Branches:
Dungeon (2/15)

Altars:

Shops:
D:2 :

Annotations:
D:2 Sigmund


Innate Abilities, Weirdness & Mutations

You are completely covered in rugged brown scales. (AC +3, +7% HP)
You have supernaturally acute eyesight. (SInv)
Armour fits poorly on your strangely shaped body.
You can roll at nearby foes to attack.
You have a long armoured tail.
Your mind is acute. (Int +2)


Message History

The rat is severely wounded.
You feel less confused. The rat bites you but does no damage.
Sigmund hits you from afar with a +0 scythe!
Unknown command.
You closely miss the rat. You tail-slap the rat.
You kill the rat!
Sigmund screams, "I am the angel of ZOT!!!"
Sigmund hits you from afar with a +0 scythe. x2
Unknown command.
You block Sigmund's attack.
You see here a rat corpse.
Okay, then.
You feel very mighty all of a sudden. You block Sigmund's attack.
You slash Sigmund!
Sigmund is moderately wounded.
Sigmund hits you with a +0 scythe.
You closely miss Sigmund.
Sigmund is moderately wounded.
Sigmund hits you with a +0 scythe!
You closely miss Sigmund.
Your tail-slap misses Sigmund.
Sigmund is moderately wounded.
Sigmund hits you with a +0 scythe.
* * * LOW HITPOINT WARNING * * *
You block Sigmund's attack.
You barely miss Sigmund.
Sigmund is moderately wounded.
Sigmund screams, "Don't try to resist!"
Sigmund hits you with a +0 scythe.
* * * LOW HITPOINT WARNING * * *
You hit Sigmund.
Sigmund is moderately wounded.
Sigmund gestures at you while chanting.
You are confused.
Sigmund hits you with a +0 scythe.
* * * LOW HITPOINT WARNING * * *
Unknown command.
Sigmund hits you with a +0 scythe!
You die...

#...)########
#...........#
#..#####.##.#
#..#.#.#..#.#
#.....⌠..##.#
#####..##.##⌠.#.#
.......#.⌠##.##.#
######.##..⌠...†##
#..#..#.#.#@@#
####..##.#####..#
#.................
##.###.[.........#.#
...# #.###.#####.#.#
#### #.# # # #.. .
#.# #.. .. #.# ....
.# ..


You could see Sigmund (invisible).

Vanquished Creatures
  Jessica (D:2)
  An orc wizard (D:2)
  5 adders (D:2)
  4 orcs (D:2)
  4 ball pythons
  A goblin (D:2)
  6 hobgoblins
  3 jackals (D:2)
  5 kobolds
  4 quokkas
  3 bats (D:1)
  A frilled lizard (D:2)
  6 rats
44 creatures vanquished.

Notes
Turn   | Place    | Note
-------+----------+-------------------------------------------
     0 | D:1      | strifetoe the Palentonga Fighter began the quest for the
                  | Orb.
     0 | D:1      | Reached XP level 1. HP: 19/19 MP: 1/1
   234 | D:1      | Reached XP level 2. HP: 25/25 MP: 2/2
   244 | D:1      | Reached skill level 3 in Axes
  1134 | D:2      | Reached XP level 3. HP: 31/31 MP: 3/3
  1142 | D:2      | Reached skill level 4 in Axes
  1393 | D:2      | Reached XP level 4. HP: 33/37 MP: 4/4
  1537 | D:2      | Gained mutation: You are weak. (Str -2) [potion of
                  | mutation]
  1537 | D:2      | Gained mutation: Your body sometimes deteriorates upon
                  | taking damage. [potion of mutation]
  1538 | D:2      | Lost mutation: You are weak. (Str -2) [potion of mutation]
  1538 | D:2      | Lost mutation: Your body sometimes deteriorates upon taking
                  | damage. [potion of mutation]
  1538 | D:2      | Gained mutation: Your mind is acute. (Int +2) [potion of
                  | mutation]
  1553 | D:2      | Found Vuss's Book Shoppe.
  1950 | D:2      | Found a faded altar of an unknown god.
  1953 | D:2      | Noticed Jessica
  1957 | D:2      | Killed Jessica
  1958 | D:2      | Reached skill level 5 in Axes
  2059 | D:2      | Reached XP level 5. HP: 38/43 MP: 5/5
  2097 | D:2      | Noticed Sigmund
  2115 | D:2      | Slain by Sigmund

Illustrated notes

Levels and vault maps discovered:
D:1:      matt_arrival_grand_opening, layout_basic,
          corexii_item_surrounded_by_moat, minmay_misc_feat_hallway
D:2:      layout_loops_ring, ebering_ecumenical_altar_box, serial_shops,
          shop_fountains, serial_park_tiny_1, corexii_hall_statues_i,
          minmay_octomino_e4, uniq_crazy_yiuf_cottage, uniq_jessica,
          uniq_sigmund

Skill      XL: |  1  2  3  4 |
---------------+-------------+-----
Axes           | 3 4 5 |  5.3
Fighting       | |  3.0
Armour         | |  2.4
Shields        | |  2.4

Action                   |  1- 3 |  4- 6 || total
-------------------------+-------+-------++-------
Melee: War axe           |    68 |    52 ||   120
       Tailslap          |     4 |     5 ||     9
  Use: Potion            |       |     3 ||     3
       Scroll            |       |     2 ||     2
Armor: Scale mail        |    41 |    22 ||    63
       Plate armour      |       |     7 ||     7
Dodge: Dodged            |    24 |     5 ||    29
Block: Kite shield       |    37 |    35 ||    72

Table legend: (Time is in decaauts)
 A = Elapsed time spent in this place.
 B = Non-inter-level travel time spent in this place.
 C = Inter-level travel time spent in this place.
 D = Time resting spent in this place.
 E = Time spent auto-exploring this place.
 F = Levels seen in this place.
 G = Mean time per level.
                   A        B        C        D        E       F      G
               +--------+--------+--------+--------+--------+-----+--------+
         Total |   2180 |   2169 |     11 |    475 |   1374 |   2 | 1090.0 |
       Dungeon |   2180 |   2169 |     11 |    475 |   1374 |   2 | 1090.0 |
               +--------+--------+--------+--------+--------+-----+--------+

Top non-repeatable levels by time:
     D:1: 1184 daAuts
     D:2: 996 daAuts
